woodfighter, lawful female dwarven Priestess ----- --------- |..%-###### +.......| ....| # |......<| |d..| ###|.......| |.@.| #........| ....| --------- ----- woodfighter the Acolyte Experience level: 4 Strength: 13 Dexterity: 11 Constitution: 17 Intelligence: 17 Wisdom: 9 Charisma: 9 Health: 0(42) Energy: 35(35) Def: 4 Gold: 560 Moves: 1750 Dungeon seed: f6dTB6bNE5yrmXjk Game ID: woodfighter_1551694812 Your Inventory: Coins $ - 560 gold pieces Weapons a - a blessed +1 mace (weapon in hand) Armor e - a +0 robe (being worn) n - a +0 small shield (being worn) r - a +0 orcish helm (being worn) Comestibles c - a clove of garlic d - 2 sprigs of wolfsbane k - a lichen corpse q - 2 food rations u - 2 fortune cookies Scrolls s - a scroll of scare monster t - a cursed scroll of light x - a scroll of charging y - a cursed scroll of punishment Spellbooks g - a spellbook of detect monsters h - a spellbook of identify i - a spellbook of protection Potions b - 4 potions of holy water j - a potion of invisibility Wands f - a wand of cancellation (0:1) w - a cursed wand of digging (0:4) A - a wand of undead turning (0:5) B - a wand of lightning (0:4) C - a wand of enlightenment (0:15) E - a wand of secret door detection (0:15) Tools l - an oil lamp (0:1374) D - an oil lamp (0:1218) Spells and supernatural/magical abilities: Name Level Category Fail Memory n - detect monsters 1 divination 0% 92% p - protection 1 clerical 0% 92% I - identify 3 divination 90% 92% W - pray for help -- divine ? -- X - turn undead -- divine ? -- Your skills at the end: Miscellaneous Skills shield [Basic] wands [Basic] Weapon Skills pick-axe [Basic] mace [Basic] Spellcasting Skills clerical spells [Basic] Final Attributes: You were fervently aligned. You had infravision. You were stealthy. You are dead. Vanquished creatures: 2 wolves a kitten a jitterbug 2 coyotes an acid blob a large kobold 2 geckos a hobgoblin a giant rat a brown mold 2 manes a fox a kobold a newt 3 goblins 3 grid bugs 4 lichens 2 kobold zombies 30 creatures vanquished. Voluntary challenges: You did not adorn yourself with jewelry or accessories. You did not cause conflict. You were not invisible. You did not have reflection. You were not displaced. You used a wielded weapon 41 times, starting on turn 55. You did not use tools. You did not use plumbed fixtures. You did not drink any magical draughts. You were illiterate. You never genocided any monsters. You never polymorphed an object. You never changed form. You used no wishes. You never split a pudding. You never wrote Elbereth's name. You never violated your personal moral code. Dungeon overview: The Dungeons of Doom: levels 1 to 5 Level 1 an altar to Manannan Mac Lir, a sink a long staircase Level 2 (boxes) Level 3 a scroll shop, a fountain Level 4 a fountain stairs to The Gnomish Mines Level 5 <- You were here The Gnomish Mines: Level 5 stairs to The Dungeons of Doom History has recorded: On T:1 you entered the Dungeons of Doom to retrieve the Amulet of Yendor! On T:90 you reached level 3 of The Dungeons of Doom. On T:232 you advanced to experience level 2. On T:290 you reached level 4 of The Dungeons of Doom. On T:456 you reached level 2 of The Dungeons of Doom. On T:635 you advanced to experience level 3. On T:1374 you advanced to experience level 4. On T:1422 you reached level 1 of The Gnomish Mines. On T:1492 you reached level 5 of The Dungeons of Doom. On T:1732 you prayed to Lugh. Score breakdown: Gold: 560 ( 56 points) Experience: 4 levels ( 300 points) Exploration: 5 levels ( 120 points) Discoveries: 13 items ( 650 points) Variety of kills: 18 monsters ( 900 points) Major goal: (nothing yet) ( 0 points) Survival: died (score multiplied by 3) Total score: 6078 Latest messages: You are surrounded by a shimmering light. The wolf starts to attack you, but pulls back. (3x) You feel that Lugh is pleased. You feel much better. You hit the wolf! The wolf bites! (2x) You kill the wolf! You see here a wolf corpse. This wolf corpse tastes terrible! You stop eating. The winter wolf falls into a pit! The winter wolf breathes frost! You stop eating. The blast of frost hits you! The blast of frost bounces! Kitty is killed by the blast of frost! The winter wolf bites! You hit the winter wolf! The winter wolf bites! You hit the winter wolf. The winter wolf bites! You hit the winter wolf. The winter wolf bites! You hit the winter wolf. The winter wolf bites! You die... Final status: Goodbye woodfighter the Priestess, killed by a winter wolf... You died in The Dungeons of Doom on dungeon level 5 with 6078 points, and 560 pieces of gold, after 1750 moves. You were level 4 with a maximum of 42 hit points when you died.